 Dungeon Crawl Stone Soup version 0.23.2-40-g277498a001 (webtiles) character file.

Game seed: 12987614689938239871

98 Emblim88 the Charmwright (level 4, -1/38 HPs)
             Began as a Gnoll Skald on Sept 28, 2019.
             Slain by an iguana (9 damage)
             ... on level 3 of the Dungeon.
             The game lasted 00:06:38 (1873 turns).

Emblim88 the Charmwright (Gnoll Skald)              Turns: 1873, Time: 00:06:38

Health: -1/38      AC:  5    Str: 14    XL:     4   Next: 69%
Magic:  0/11       EV: 14    Int: 15    God:
Gold:   82         SH:  0    Dex: 15    Spells: 2/13 levels left

rFire    . . .     SeeInvis +   j - +1 mace (drain)
rCold    . . .     Gourm    .   (no shield)
rNeg     . . .     Faith    .   b - +0 leather armour
rPois    .         Spirit   +   e - +0 helmet
rElec    .         Reflect  .   (no cloak)
rCorr    .         Harm     .   p - +0 pair of gloves
MR       .....                  (no boots)
Stlth    ++........             q - amulet of guardian spirit
HPRegen  0.12/turn              n - ring of see invisible
MPRegen  0.12/turn              (no ring)

@: singing
A: distributed training, fangs 1, strong nose
a: no special abilities


You were on level 3 of the Dungeon.
You were not hungry.

You visited 1 branch of the dungeon, and saw 3 of its levels.

You collected 82 gold pieces.

Inventory:

Hand Weapons
 a - a +0 falchion
 j - a +1 mace of draining (weapon)
Missiles
 i - 2 throwing nets (quivered)
 k - 33 sling bullets
Armour
 b - a +0 leather armour (worn)
 e - a +0 helmet (worn)
 p - a +0 pair of gloves (worn)
Jewellery
 n - a ring of see invisible (left hand)
 q - an amulet of guardian spirit (around neck)
Scrolls
 h - a scroll of teleportation
 l - a scroll of remove curse
 m - a scroll of noise
 s - a scroll of fear
Potions
 c - a potion of heal wounds
 f - a potion of resistance {unknown}
 o - 2 potions of curing {unknown}
 t - a potion of lignification {unknown}
Comestibles
 d - 5 rations
 g - 4 chunks of flesh


   Skills:
 + Level 4.6 Fighting
 + Level 1.2 Short Blades
 + Level 4.6 Long Blades
 + Level 1.2 Axes
 + Level 1.2 Maces & Flails
 + Level 1.2 Polearms
 + Level 1.2 Staves
 + Level 1.2 Slings
 + Level 1.2 Bows
 + Level 1.2 Crossbows
 + Level 1.2 Throwing
 + Level 2.8 Armour
 + Level 4.6 Dodging
 + Level 1.2 Stealth
 + Level 1.2 Shields
 + Level 1.2 Unarmed Combat
 + Level 5.1 Spellcasting
 + Level 1.0 Conjurations
 + Level 1.0 Hexes
 + Level 5.5 Charms
 + Level 1.0 Summonings
 + Level 1.0 Necromancy
 + Level 1.0 Translocations
 + Level 1.0 Transmutations
 + Level 1.0 Fire Magic
 + Level 1.0 Ice Magic
 + Level 1.0 Air Magic
 + Level 1.0 Earth Magic
 + Level 1.0 Poison Magic
 + Level 1.3 Invocations
 + Level 1.2 Evocations


You had 2 spell levels left.
You knew the following spells:

 Your Spells              Type           Power        Failure   Level  Hunger
a - Infusion              Chrm           ###.         1%          1    None
b - Song of Slaying       Chrm           ###.....     3%          2    ##.....
c - Shroud of Golubria    Chrm/Tloc      ##........   8%          2    ##.....
d - Regeneration          Chrm/Necr      ##........   16%         3    ###....
e - Spectral Weapon       Hex/Chrm       ##......     16%         3    ###....

Your spell library contained the following spells:

 Spells                   Type           Power        Failure   Level  Hunger
 Magic Dart               Conj           #...         13%         1    None
 Blink                    Tloc           N/A          21%         2    ##.....
 Call Imp                 Summ           #.......     21%         2    ##.....
 Slow                     Hex            #.......     21%         2    ##.....
 Conjure Flame            Conj/Fire      #.......     36%         3    ###....
 Mephitic Cloud           Conj/Pois/Air  #.......     36%         3    ###....


Dungeon Overview and Level Annotations

Branches:
Dungeon (3/15)

Altars:


Innate Abilities, Weirdness & Mutations

Your experience applies equally to all skills.
You have very sharp teeth.
Your uncanny sense of smell can sniff out nearby items.


Message History

You are too injured to fight recklessly!
You are too injured to fight recklessly!
You are too injured to fight recklessly!
You are too injured to fight recklessly!
You are too injured to fight recklessly!
You are too injured to fight recklessly!
You are too injured to fight recklessly!
You are too injured to fight recklessly!
You are too injured to fight recklessly!
You are too injured to fight recklessly!
You are too injured to fight recklessly!
You are too injured to fight recklessly!
You are too injured to fight recklessly!
You are too injured to fight recklessly!
You hit the goblin.
You kill the goblin!
The iguana bites you!
* * * LOW HITPOINT WARNING * * *
The iguana bites you!
You die...

.# #...........# # ..
#...........## .#.
#^.#.###)))......
....∆#......#)÷÷......
.. #..#.###..#.........
...
#......#..†.......##
....#$###..#..........#
........#...(.....#####
#l@#.........#
#.)...######## ∆ ∆
#.##### ∆ ∆ ... ....#
..$.. ..... .....


You could see an iguana.

Vanquished Creatures
  A gnoll (D:1)
  An ooze (D:3)
  A worm (D:3)
  5 leopard geckos
  3 orcs (D:3)
  2 giant cockroaches
  9 goblins
  6 hobgoblins
  7 jackals (D:1)
  A quokka (D:3)
  2 ball pythons (D:2)
  13 bats
  3 frilled lizards
  6 kobolds
  9 rats
69 creatures vanquished.

Notes
Turn   | Place    | Note
-------+----------+-------------------------------------------
     0 | D:1      | Emblim88 the Gnoll Skald began the quest for the Orb.
     0 | D:1      | Reached XP level 1. HP: 20/20 MP: 6/6
    70 | D:1      | Reached XP level 2. HP: 22/26 MP: 7/7
    97 | D:1      | Learned a level 2 spell: Song of Slaying
   100 | D:1      | Learned a level 2 spell: Shroud of Golubria
   307 | D:1      | Reached XP level 3. HP: 29/31 MP: 6/9
   311 | D:1      | Reached skill level 5 in Spellcasting
   660 | D:1      | Reached skill level 1 in Invocations
   717 | D:1      | Reached skill level 1 in Short Blades
   717 | D:1      | Reached skill level 1 in Axes
   717 | D:1      | Reached skill level 1 in Maces & Flails
   717 | D:1      | Reached skill level 1 in Polearms
   717 | D:1      | Reached skill level 1 in Staves
   717 | D:1      | Reached skill level 1 in Slings
   717 | D:1      | Reached skill level 1 in Bows
   717 | D:1      | Reached skill level 1 in Crossbows
   717 | D:1      | Reached skill level 1 in Throwing
   717 | D:1      | Reached skill level 1 in Stealth
   717 | D:1      | Reached skill level 1 in Shields
   717 | D:1      | Reached skill level 1 in Unarmed Combat
   717 | D:1      | Reached skill level 1 in Evocations
  1032 | D:2      | Reached XP level 4. HP: 37/38 MP: 11/11
  1085 | D:2      | Learned a level 3 spell: Regeneration
  1089 | D:2      | Learned a level 3 spell: Spectral Weapon
  1829 | D:3      | Reached skill level 1 in Conjurations
  1829 | D:3      | Reached skill level 1 in Hexes
  1829 | D:3      | Reached skill level 1 in Summonings
  1829 | D:3      | Reached skill level 1 in Necromancy
  1829 | D:3      | Reached skill level 1 in Translocations
  1829 | D:3      | Reached skill level 1 in Transmutations
  1829 | D:3      | Reached skill level 1 in Fire Magic
  1829 | D:3      | Reached skill level 1 in Ice Magic
  1829 | D:3      | Reached skill level 1 in Air Magic
  1829 | D:3      | Reached skill level 1 in Earth Magic
  1829 | D:3      | Reached skill level 1 in Poison Magic
  1873 | D:3      | Slain by an iguana

Skill      XL: |  1  2  3  4 |
---------------+-------------+-----
Spellcasting   | 5 |  5.1
Invocations    | 1 |  1.3
Short Blades   | 1 |  1.2
Axes           | 1 |  1.2
Maces & Flails | 1 |  1.2
Polearms       | 1 |  1.2
Staves         | 1 |  1.2
Slings         | 1 |  1.2
Bows           | 1 |  1.2
Crossbows      | 1 |  1.2
Throwing       | 1 |  1.2
Stealth        | 1 |  1.2
Shields        | 1 |  1.2
Unarmed Combat | 1 |  1.2
Evocations     | 1 |  1.2
Conjurations   | 1 |  1.0
Hexes          | 1 |  1.0
Summonings     | 1 |  1.0
Necromancy     | 1 |  1.0
Translocations | 1 |  1.0
Transmutations | 1 |  1.0
Fire Magic     | 1 |  1.0
Ice Magic      | 1 |  1.0
Air Magic      | 1 |  1.0
Earth Magic    | 1 |  1.0
Poison Magic   | 1 |  1.0
Fighting       | |  4.6
Long Blades    | |  4.6
Armour         | |  2.8
Dodging        | |  4.6
Charms         | |  5.5

Action                   |  1- 3 |  4- 6 || total
-------------------------+-------+-------++-------
Melee: Falchion          |    60 |       ||    60
       Bite              |     4 |     5 ||     9
       Mace              |    45 |    45 ||    90
       Punch             |       |     1 ||     1
 Cast: Song of Slaying   |     1 |     2 ||     3
       Infusion          |       |     1 ||     1
  Use: Scroll            |       |     4 ||     4
       Potion            |       |     1 ||     1
 Stab: Sleeping          |     2 |     4 ||     6
  Eat: Chunk             |       |     3 ||     3
Armor: Leather armour    |    46 |    11 ||    57
Dodge: Dodged            |   106 |    48 ||   154
       Rpst.: Falchion   |    24 |       ||    24
